 Dungeon Crawl Stone Soup version 0.17-a0-1942-g46ae386 (webtiles) character file.

174 ololoev the Chopper (level 5, -6/48 HPs)
             Began as a Hill Orc Fighter on Sept 30, 2015.
             Killed by divine providence
             ... invoked by an orc priest
              (10 damage)
             ... on level 3 of the Dungeon.
             The game lasted 00:02:15 (417 turns).

ololoev the Chopper (Hill Orc Fighter)               Turns: 417, Time: 00:02:15

Health: -6/48      AC:  9    Str: 20    XL:     5   Next: 54%
Magic:  5/5        EV:  7    Int:  8    God:
Gold:   23         SH:  0    Dex: 10    Spells: 0 memorised, 4 levels left

rFire  . . .     SeeInvis .     a - +0 war axe
rCold  . . .     Clarity  .     c - +0 chain mail
rNeg   . . .     SustAt   .     (no shield)
rPois  .         Gourm    .     (no helmet)
rElec  .         Spirit   .     (no cloak)
rCorr  .         Warding  .     (no gloves)
rMut   .         Stasis   .     (no boots)
MR     .....                    (no amulet)
Stlth  ..........               (no ring)
                                (no ring)

@: not resistant to hostile enchantments, extremely unstealthy
A: no striking features
a: Convert to Beogh

Inventory:

Hand weapons
 a - a +0 war axe (weapon)
Armour
 c - a +0 chain mail (worn)
Scrolls
 f - a scroll of recharging {unknown}
Comestibles
 b - a meat ration
 d - 3 chunks of flesh
 e - a bread ration


   Skills:
 + Level 5.0 Fighting
 * Level 5.4 Axes
 + Level 4.2 Armour
   Level 3.2 Shields


You had 4 spell levels left.
You didn't know any spells.


You were on level 3 of the Dungeon.
You were not hungry.

You visited 1 branch of the dungeon, and saw 3 of its levels.

You collected 23 gold pieces.

#### #.. .
###.########.
#............
#..##..#####
##'##.#.##
#o@o##...##.#.#
#$8o8$##.......#
#.[$$.##.###.###
#.8$8$#(.###.#
##._.##......#
#####....####
#.##.##.#
#.##.##.#
#.##....#

Notes
Turn   | Place    | Note
--------------------------------------------------------------
     0 | D:1      | ololoev the Hill Orc Fighter began the quest for the Orb.
     0 | D:1      | Reached XP level 1. HP: 19/19 MP: 1/1
   173 | D:1      | Reached XP level 2. HP: 17/27 MP: 2/2
   195 | D:1      | Reached skill level 4 in Fighting
   285 | D:2      | Noticed Sigmund
   302 | D:2      | Killed Sigmund
   302 | D:2      | Reached skill level 5 in Fighting
   302 | D:2      | Reached skill level 5 in Axes
   302 | D:2      | Reached XP level 3. HP: 2/36 MP: 3/3
   302 | D:2      | Reached XP level 4. HP: 2/42 MP: 4/4
   302 | D:2      | Reached XP level 5. HP: 2/48 MP: 5/5
   408 | D:3      | Found a roughly hewn altar of Beogh.
   417 | D:3      | Killed from afar by an orc priest

Dungeon Overview and Level Annotations

Branches:
Dungeon (3/15)

Altars:
Beogh


Message History

You barely miss the orc priest.
The orc priest is moderately wounded.
You closely miss the orc priest. You barely miss the orc.
The orc priest shouts, "Join the one true god or die!"
The orc hits you but does no damage. The orc priest barely misses you.
The orc priest barely misses you. The orc hits you with a hand axe.
Unknown command.
The orc priest threatens, "By the altar or by the axe, you will meet Beogh!"
You slash the orc priest!
The orc priest shouts, "Beogh is our master!
Accept the truth or die!"
The orc priest is severely wounded.
You barely miss the orc. You closely miss the orc priest.
The orc priest hits you with a club. The orc priest closely misses you.
The orc hits you but does no damage.
You barely miss the orc priest.
The orc priest is severely wounded.
You barely miss the orc priest. You barely miss the orc.
The orc priest mumbles some strange prayers to Beogh against you.
Pain shoots through your body!
The orc priest shouts, "Surrender to Beogh and we'll let you live!"
The orc priest hits you but does no damage.
The orc closely misses you.
You closely miss the orc priest.
The orc priest is severely wounded.
You hit the orc priest.
The orc priest is heavily wounded.
You hit the orc but do no damage.
The orc priest hits you but does no damage.
The orc priest miscasts a cantrip.
The orc hits you but does no damage.
You hit the orc priest.
The orc priest is almost dead.
The orc priest shouts, "Join the one true god or die!"
You hit the orc priest.
The orc priest is severely wounded.
You barely miss the orc.
The orc priest hits you but does no damage.
The orc priest invokes the aid of Beogh against you.
Something smites you!
You die...

You could see 2 orc priests and an orc.

Vanquished Creatures
  Sigmund (D:2)
  An ooze (D:1)
  2 giant cockroaches
  A goblin (D:1)
  A hobgoblin (D:1)
  A ball python (D:2)
  4 bats
  3 kobolds
  A rat (D:1)
15 creatures vanquished.

Action                   |  1- 3 |  4- 6 || total
-------------------------+-------+-------++-------
Melee: War axe           |    44 |    11 ||    55
  Use: Potion            |     1 |       ||     1

Vault maps used:
D:1:      minmay_arrival_semitransparent, minmay_misc_feat_encased,
          kennysheep_boxes
D:2:      lemuel_crystal_altar, first_bread, uniq_sigmund
D:3:      serial_co_window_serial, co_window_paths_a, co_window_corner_a,
          co_window_of_opportunity_a, co_window_of_opportunity_a,
          co_window_corner_a, co_window_unsneaky_path_e,
          co_window_of_opportunity_c, co_window_corner_b, co_window_corner_b,
          co_window_broadway_a, co_window_paths_d, co_window_4corner_a,
          glass_columns_a, glass_columns_c, glass_columns_a, glass_columns_a,
          glass_columns_b, kennysheep_orc_chapel, uniq_jessica
